 Dungeon Crawl Stone Soup version bcrawl-1.37.2 (webtiles) character file.

Game seed: 3535510524356729857

125796 Mehrunes the Magician (level 4, 0/30 HPs)
             Began as a Mummy Fire Elementalist on Nov 12, 2022.
             Was an Initiate of Ashenzari.
             Killed from afar by an orc wizard (6 damage)
             ... with a puff of flame
             ... on level 3 of the Dungeon.
             The game lasted 00:03:54 (2488 turns).

Mehrunes the Magician (Mummy Fire Elementalist)     Turns: 2488, Time: 00:03:55

Health: 0/30       AC:  4    Str: 11    XL:     4   Next: 74%
Magic:  10/10      EV: 12    Int: 15    God:    Ashenzari [......]
Gold:   89         SH:  0    Dex: 12    Spells: 10/11 levels left

rFire    x . .     GDR:     24% f - +1 whip (drain) (curse)
rCold    + . .     SeeInvis +   (no shield)
rNeg     + + +     Gourm    .   a - +0 robe
rPois    ∞         Faith    .   g - +1 helmet (curse)
rElec    .         Spirit   .   (no cloak)
rCorr    .         Reflect  .   (no gloves)
MR       .....     Clarity  +   (no boots)
Stlth    ++........             j - amulet of Vision {SInv *Curse} (curse)
HPRegen  0.15/turn              (no ring)
MPRegen  0.12/turn              (no ring)

@: no status effects
A: no food or potions, fire vulnerability, clarity, cold resistance 1, negative
energy resistance 3, torment resistance, unbreathing, strong hexes 1
a: Curse Item, Renounce Religion


You were on level 3 of the Dungeon.
You worshipped Ashenzari.
Ashenzari was noncommittal.
You were not hungry.

You visited 1 branch of the dungeon, and saw 3 of its levels.

You collected 89 gold pieces.

Inventory:

Hand Weapons
 b - a +0 mace
 f - a cursed +1 whip of draining (weapon)
 m - a +0 dagger of venom
Missiles
 d - 684 stones (quivered)
 n - 79 poisoned tomahawks
Armour
 a - a +0 robe (worn)
 g - a cursed +1 helmet (worn)
 h - a +0 ring mail
Jewellery
 j - the cursed amulet of Vision (around neck) {SInv *Curse}
   (You found it on level 2 of the Dungeon)

   [amulet of nothing]

   It lets you see invisible.
   It curses itself when equipped.
   It has a curse placed upon it.
Wands
 c - a wand of flame (4)
Scrolls
 i - a scroll of identify


   Skills:
 - Level 1.5 Dodging
 - Level 2.1 Stealth
 + Level 4.1 Spellcasting
 + Level 2.2 Conjurations
 + Level 3.3 Fire Magic


You had 10 spell levels left.
You knew the following spells:

 Your Spells              Type           Power        Failure   Level  Hunger
a - Flame Tongue          Conj/Fire      ##...        6%          1    N/A

Your spell library contained the following spells:

 Spells                   Type           Power        Failure   Level  Hunger
 Flaming Arrows           Chrm/Fire      #.......     14%         2    N/A
 Conjure Flame            Conj/Fire      ##......     17%         3    N/A
 Inner Flame              Hex/Fire       N/A          26%         3    N/A
 Sticky Flame             Conj/Fire      ##......     50%         4    N/A
 Fireball                 Conj/Fire      ##........   85%         5    N/A

Dungeon Overview and Level Annotations

Branches:
Dungeon (3/12)

Altars:
Ashenzari
Okawaru


Innate Abilities, Weirdness & Mutations

You do not eat or drink.
Your flesh is vulnerable to fire.
You are immune to poison.
You possess an exceptional clarity of mind.
Your flesh is cold resistant. (rC+)
You are immune to negative energy. (rN+++)
You are immune to unholy pain and torment.
You can survive without breathing.
Your hexes are more powerful.


Message History

Your cursed +0 whip of draining glows red for a moment.
The orc wizard hits you with a +0 dagger.
* * * LOW HITPOINT WARNING * * *
As you read the scroll labeled IMECE QETIHIE, it crumbles to dust.
It is a scroll of enchant armour.
Your cursed +0 helmet glows green for a moment.
The orc wizard begins to cast a cantrip, but forgets the words!
The orc wizard hits you but does no damage.
The orc wizard casts a spell at you. You resist. The puff of frost hits you.
* * * LOW HITPOINT WARNING * * *
There is an open door here.
There's a creature in the doorway!
The orc wizard casts a spell.
The orc wizard flickers and vanishes for a moment.
The orc wizard hits you with a +0 dagger.
* * * LOW HITPOINT WARNING * * *
The orc wizard gestures at you while chanting.
The fire burns you terribly! The puff of flame hits you.
You die...

#.og.# ####### #.....# ##.###
......##########.....# #.#
......#........#.....# #o#
......#..............# ###'####
......#..............# #.......
......#..............# #...)...
......#..............#####.....%.
......#.........@o...oo.g........
......#..............####........
.......†.............# #........
#######............### #........
# #########....# #........ #
###### ######### # # #


You could see 2 orc wizards and an orc.

Vanquished Creatures
  An orc wizard (D:3)
  An adder (D:3)
  An ooze (D:1)
  5 worms
  2 dart slugs (D:1)
  3 leopard geckos
  8 orcs
  A giant cockroach (D:1)
  3 goblins
  7 hobgoblins
  2 jackals (D:2)
  A quokka (D:3)
  A ball python (D:1)
  6 bats
  A frilled lizard (D:2)
  2 kobolds
  5 rats
50 creatures vanquished.

Notes
Turn   | Place    | Note
-------+----------+-------------------------------------------
     0 | D:1      | Mehrunes the Mummy Fire Elementalist began the quest for
                  | the Orb.
     0 | D:1      | Reached XP level 1. HP: 13/13 MP: 4/4
   127 | D:1      | Reached skill level 1 in Conjurations
   192 | D:1      | Reached skill level 3 in Spellcasting
   229 | D:1      | Reached XP level 2. HP: 19/19 MP: 3/6
   613 | D:1      | Found an iron altar of Okawaru.
   997 | D:1      | Reached XP level 3. HP: 24/24 MP: 5/7
  1177 | D:2      | Found a shattered altar of Ashenzari.
  1351 | D:2      | Became a worshipper of Ashenzari the Shackled
  1352 | D:2      | Found the cursed amulet of Vision {SInv *Curse}
  2129 | D:3      | Reached XP level 4. HP: 17/30 MP: 1/9
  2230 | D:3      | Reached skill level 4 in Spellcasting
  2488 | D:3      | Killed from afar by an orc wizard

Skill      XL: |  1  2  3  4 |
---------------+-------------+-----
Conjurations   | 1 2 |  2.2
Spellcasting   | 3 4 |  4.1
Fire Magic     | 3 |  3.3
Dodging        | |  1.5
Stealth        | |  2.1

Action                   |  1- 3 |  4- 6 || total
-------------------------+-------+-------++-------
Melee: Mace              |    11 |       ||    11
       Whip              |     2 |       ||     2
 Cast: Flame Tongue      |    94 |    32 ||   126
Invok: Curse Item        |     2 |       ||     2
  Use: Scroll            |       |     3 ||     3
Armor: Robe              |    14 |     6 ||    20
Dodge: Dodged            |    49 |    10 ||    59
